 Dungeon Crawl Stone Soup version 0.26.1-2-gb8aa6d0cf2 (webtiles) character file.

Game seed: 12918247234464129793

350 sizableburger the Cutter (level 6, 0/36 HPs)
             Began as a Deep Elf Fighter on Feb 13, 2021.
             Was an Initiate of Kikubaaqudgha.
             Succumbed to a scorpion's poison
             ... on level 4 of the Dungeon.
             The game lasted 00:07:55 (4230 turns).

sizableburger the Cutter (Deep Elf Fighter)         Turns: 4230, Time: 00:07:55

Health: 0/36       AC: 10    Str: 15    XL:     6   Next: 34%
Magic:  8/8        EV:  9    Int: 19    God:    Kikubaaqudgha [......]
Gold:   128        SH:  0    Dex: 14    Spells: 5/5 levels left

rFire    + . .     SeeInvis .   a - +0 rapier
rCold    . . .     Faith    .   (no shield)
rNeg     . . .     Spirit   .   b - +0 scale mail
rPois    .         Reflect  .   (no helmet)
rElec    .         Harm     .   r - +0 cloak
rCorr    .         Rampage  .   n - +1 pair of gloves
Will     .....                  q - +0 pair of boots
Stlth    ..........             (no amulet)
HPRegen  0.12/turn              j - +6 ring of intelligence
MPRegen  0.11/turn              p - ring of protection from fire

@: mighty, lethally poisoned (0 -> -19)
A: no striking features
a: Renounce Religion


You were on level 4 of the Dungeon.
You worshipped Kikubaaqudgha.
Kikubaaqudgha was noncommittal.
You visited 1 branch of the dungeon, and saw 4 of its levels.

You collected 128 gold pieces.

Inventory:

Hand Weapons
 a - a +0 rapier (weapon)
Armour
 b - a +0 scale mail (worn)
 c - a +0 kite shield
 n - a +1 pair of gloves (worn)
 q - a +0 pair of boots (worn)
 r - a +0 cloak (worn)
 z - a +0 plate armour
Jewellery
 j - a +6 ring of intelligence (left hand)
 l - an uncursed amulet of guardian spirit {unknown}
 p - a ring of protection from fire (right hand)
 u - an uncursed ring of poison resistance {unknown}
Wands
 s - a wand of random effects (6)
Scrolls
 e - a scroll of fog {unknown}
 h - 2 scrolls of enchant weapon {unknown}
 i - 4 scrolls of identify {unknown}
 k - a scroll of random uselessness {unknown}
 o - 3 scrolls of remove curse {unknown}
 t - a scroll of magic mapping {unknown}
 v - a scroll of immolation {unknown}
 y - a scroll of teleportation {unknown}


   Skills:
 - Level 2.4 Fighting
 + Level 4.4 Short Blades
 - Level 2.4 Armour
 + Level 4.1 Shields
 + Level 0.0 Spellcasting
 - Level 3.3 Necromancy


You had 5 spell levels left.
You didn't know any spells.
Your spell library was empty.

Dungeon Overview and Level Annotations

Branches:
Dungeon (4/15)
 Temple: D:4-7

Altars:
Dithmenos
Fedhas
Kikubaaqudgha

Annotations:
D:4 2 runed translucent doors, Calibrex's ghost, novice DrBe


Message History

The scorpion poisons you!
Okay, then.
Your magical effects are unravelling.
You feel magically purged.
You feel yourself slow down.
You feel a little less clever now.
* * * LOW HITPOINT WARNING * * *
You feel sick.
You feel less attractive to monsters.
You feel very mighty all of a sudden.
* * * LOW HITPOINT WARNING * * *
You feel sick. The scorpion stings you.
* * * LOW HITPOINT WARNING * * *
You are more poisoned.
The scorpion poisons you!
Okay, then.
Aiming: Random Effects
Press: ? - help, Shift-Dir - straight line, f/p - scorpion
Aim: a scorpion (severely wounded, slow)
The scorpion seems to slow down.
You die...
Kikubaaqudgha rasps: "You have failed me!
Welcome... death!"

#.....##...............#
........##.....###......
.PP...#..#....).........
.♣♣P..#......##.........
♣♣..P.##...####........
♣♣....#..#####........
.....>..........##..P
......).###.##..## ..
.........# # ##@# .
...... #s# ... ...##
..... #..... ......
>.#.....


You could see a scorpion (slow).

Vanquished Creatures
  2 phantoms
  An orc priest (D:3)
  An orc wizard (D:3)
  3 adders
  A worm (D:3)
  4 dart slugs
  4 leopard geckos
  10 orcs
  4 giant cockroaches
  7 goblins
  6 hobgoblins
  8 jackals
  2 quokkas
  8 bats
  A frilled lizard (D:1)
  5 kobolds
  3 rats (D:1)
70 creatures vanquished.

Vanquished Creatures (others)
  A plant (D:4)
1 creature vanquished.

Grand Total: 71 creatures vanquished

Notes
Turn   | Place    | Note
-------+----------+-------------------------------------------
     0 | D:1      | sizableburger the Deep Elf Fighter began the quest for the
                  | Orb.
     0 | D:1      | Reached XP level 1. HP: 13/13 MP: 3/3
    52 | D:1      | Reached XP level 2. HP: 18/18 MP: 4/4
   522 | D:1      | Reached XP level 3. HP: 22/22 MP: 5/5
  1703 | D:2      | Reached XP level 4. HP: 23/27 MP: 6/6
  1880 | D:2      | Found a shadowy altar of Dithmenos.
  1887 | D:2      | Found an ancient bone altar of Kikubaaqudgha.
  1892 | D:2      | Found a blossoming altar of Fedhas.
  1896 | D:2      | Became a worshipper of Kikubaaqudgha
  2555 | D:3      | Reached skill level 1 in Necromancy
  2576 | D:3      | Reached XP level 5. HP: 18/31 MP: 7/7
  3063 | D:4      | Noticed a phantom
  3733 | D:3      | Killed a phantom
  3734 | D:3      | Reached XP level 6. HP: 35/36 MP: 8/8
  4187 | D:4      | Found a large runed translucent door.
  4188 | D:4      | Found a large runed translucent door.
  4190 | D:4      | Noticed Calibrex's ghost (novice DrBe)
  4229 | D:4      | HP: 1/36 [scorpion (2)]
  4230 | D:4      | Succumbed to a scorpion's poison

Illustrated notes

Levels and vault maps discovered:
D:1:      dpeg_arrival_arbitrary_c, layout_loops_corners, supply_closet_lemuel
D:2:      layout_loops_ring, minitemple
D:3:      layout_loops_ring, kennysheep_minor_cross, minmay_misc_feat_tiny
D:4:      layout_cave_pools, serial_forest, infiniplex_forest_clump_small,
          infiniplex_forest_clump_small, infiniplex_forest_clump_curved,
          infiniplex_forest_lined_room_2, infiniplex_forest_clump_C,
          infiniplex_forest_clump_double, ebering_ghost_disaster_area

Skill      XL: |  1  2  3  4  5  6 |
---------------+-------------------+-----
Shields        | 3 4 |  4.1
Short Blades   | 3 4 |  4.4
Necromancy     | 1 2 3 |  3.3
Fighting       | |  2.4
Armour         | |  2.4

Action                   |  1- 3 |  4- 6 || total
-------------------------+-------+-------++-------
Melee: Rapier            |   127 |   208 ||   335
Evoke: Wand              |       |     5 ||     5
  Use: Potion            |       |     9 ||     9
Armor: Scale mail        |    56 |    80 ||   136
Dodge: Dodged            |    38 |    76 ||   114
Block: Kite shield       |    67 |     2 ||    69
